 Dungeon Crawl Stone Soup version 0.21.0-25-ge575cb9 (webtiles) character file.

226810 tidbits the Timeless (level 18, -2/157 HPs)
             Began as a Gnoll Skald on Jan 24, 2018.
             Was a High Priest of Cheibriados.
             Splashed with acid (34 damage)
             ... on level 4 of the Pits of Slime.
             The game lasted 03:17:25 (10338 turns).

tidbits the Timeless (Gnoll Skald)                 Turns: 10338, Time: 03:17:25

Health: -2/157     AC: 24    Str: 30    XL:     18   Next: 90%
Magic:  35/35      EV: 24    Int: 38    God:    Cheibriados [*****.]
Gold:   2613       SH:  0    Dex: 28    Spells: 4/43 levels left

rFire    . . .     SeeInvis .   x - +6 hand axe of Darkness {pain, rC+ Str+3}
rCold    . . .     Gourm    .   D - +5 shield {reflect}
rNeg     + . .     Faith    .   B - +3 ring mail
rPois    .         Spirit   .   N - +0 helmet "Segrah" {rC- rN+ rCorr Int+2}
rElec    .         Reflect  +   C - +2 cloak
rCorr    +         Harm     .   G - +0 pair of gloves
MR       +....                  F - +2 pair of boots
Stlth    ++........             R - amulet of regeneration
HPRegen  0.76/turn              Y - +4 ring of slaying
MPRegen  0.24/turn              U - +3 ring of protection

@: confused, very slow
A: distributed training, fangs 1, robust 1, wild magic 1, MP-powered wands,
strong nose
}: 2/15 runes: barnacled, gossamer
a: Bend Time, Temporal Distortion, Slouch, Step From Time, Renounce Religion


You were on level 4 of the Pits of Slime.
You worshipped Cheibriados.
Cheibriados was extremely pleased with you.
You were very full.

You visited 8 branches of the dungeon, and saw 35 of its levels.
You visited the Abyss 1 time.
You also visited: Sewer.

You collected 3036 gold pieces.
You spent 423 gold pieces at shops.

Inventory:

Hand Weapons
 a - a +6 war axe of electrocution
   (You subdued it on level 2 of the Elven Halls)
 d - a +2 dagger of holy wrath
   (You took it off an orc wizard on level 11 of the Dungeon)
 x - the +6 hand axe of Darkness (weapon) {pain, rC+ Str+3}
   (You took it off a deep elf demonologist on level 3 of the Elven Halls)

   In the hands of one skilled in necromantic magic, it inflicts extra damage on
   living creatures.
   It affects your strength (+3).
   It protects you from cold.
 O - a +1 dagger of distortion
   (You took it off an orc wizard on level 2 of the Orcish Mines)
 P - a +1 eveningstar of holy wrath
   (You took it off Louise on level 4 of the Spider Nest)
Missiles
 s - 263 arrows
 L - a throwing net (quivered) {!f}
Armour
 B - a +3 ring mail (worn)
 C - a +2 cloak (worn)
 D - a +5 shield of reflection (worn)
   (You found it on level 1 of the Dungeon)
 F - a +2 pair of boots (worn)
 G - a +0 pair of gloves (worn)
 N - the +0 helmet "Segrah" (worn) {rC- rN+ rCorr Int+2}
   (You found it on level 3 of the Elven Halls)

   It affects your intelligence (+2).
   It makes you vulnerable to cold.
   It protects you from negative energy.
   It protects you from acid and corrosion.
Magical Staves
 e - an uncursed staff of energy {!a}
   (You found it on level 7 of the Dungeon)
Jewellery
 f - an uncursed ring of flight
   (You found it on level 2 of the Elven Halls)
 v - an uncursed ring of protection from fire
   (You took it off a deep elf blademaster on level 3 of the Elven Halls)
 H - an uncursed ring of protection from magic
   (You took it off a deep elf demonologist on level 3 of the Elven Halls)
 R - an amulet of regeneration (around neck)
   (You found it on level 2 of the Lair of Beasts)
 U - a +3 ring of protection (right hand)
   (You took it off a deep elf annihilator on level 3 of the Elven Halls)
 W - an uncursed ring of wizardry
   (You found it on level 4 of the Lair of Beasts)
 Y - a +4 ring of slaying (left hand)
   (You found it on level 9 of the Dungeon)
Wands
 g - a wand of iceblast (4)
 i - a wand of paralysis (10)
 j - a wand of polymorph (33)
 l - a wand of scattershot (4)
 n - a wand of flame (41)
 u - a wand of enslavement (24)
 K - a wand of digging (1)
Scrolls
 m - 2 scrolls of fear
 p - 5 scrolls of teleportation
 q - a scroll of summoning
 r - 11 scrolls of remove curse
 t - a scroll of holy word
 w - a scroll of identify
 M - a scroll of silence
 Q - 7 scrolls of immolation
 V - 2 scrolls of fog
Potions
 b - a potion of mutation {!q}
 k - 3 potions of flight
 z - 5 potions of brilliance
 E - a potion of might
 I - 2 potions of agility
 Z - a potion of cancellation
Books
 h - a book of the Earth
   (You found it on level 3 of the Elven Halls)

   Spells                             Type                      Level
   a - Leda's Liquefaction            Hexes/Earth                  4
   b - Bolt of Magma                  Conjuration/Fire/Earth       5
   c - Statue Form                    Transmutation/Earth          6
   d - Iron Shot                      Conjuration/Earth            6
   e - Shatter                        Earth                        9
Miscellaneous
 y - a lamp of fire
 J - a phantom mirror
 T - a lightning rod (4/4)
 X - a phial of floods
Comestibles
 c - 26 rations


   Skills:
 + Level 13.0 Fighting
 + Level 12.2 Short Blades
 + Level 12.2 Long Blades
 + Level 13.0 Axes
 + Level 12.2 Maces & Flails
 + Level 12.2 Polearms
 + Level 12.2 Staves
 + Level 12.2 Slings
 + Level 12.2 Bows
 + Level 12.2 Crossbows
 + Level 12.2 Throwing
 + Level 12.5 Armour
 + Level 13.0 Dodging
 + Level 12.2 Stealth
 + Level 12.2 Shields
 + Level 12.2 Unarmed Combat
 + Level 13.1 Spellcasting
 + Level 10.5 Conjurations
 + Level 10.5 Hexes
 + Level 11.7 Charms
 + Level 10.5 Summonings
 + Level 10.5 Necromancy
 + Level 10.5 Translocations
 + Level 10.5 Transmutations
 + Level 10.5 Fire Magic
 + Level 10.5 Ice Magic
 + Level 10.5 Air Magic
 + Level 10.5 Earth Magic
 + Level 10.5 Poison Magic
 + Level 13.2 Invocations
 + Level 12.2 Evocations


You had 4 spell levels left.
You knew the following spells:

 Your Spells              Type           Power        Failure   Level  Hunger
m - Mephitic Cloud        Conj/Pois/Air  #######.     1%          3    None
n - Animate Skeleton      Necr           N/A          1%          1    None
p - Passwall              Tmut/Erth      #######...   1%          2    None
r - Regeneration          Chrm/Necr      #######...   1%          3    None
s - Statue Form           Tmut/Erth      #######..    9%          6    ##.....
v - Borgnjor's Vile Clut  Necr/Erth      #######...   2%          5    None
w - Spectral Weapon       Hex/Chrm       #######.     1%          3    None
y - Song of Slaying       Chrm           #######.     1%          2    None
A - Apportation           Tloc           ######       1%          1    None
D - Lee's Rapid Deconstr  Erth           #######...   2%          5    None
L - Summon Lightning Spi  Summ/Air       #######.     1%          4    None
N - Animate Dead          Necr           N/A          1%          4    None


Dungeon Overview and Level Annotations

Branches:
Dungeon (11/15)            Temple (1/1) D:7            Lair (6/6) D:11
 Shoals (4/4) Lair:3       Spider (4/4) Lair:4        Slime (4/5) Lair:6
    Orc (2/2) D:9             Elf (3/3) Orc:2

Altars:
Ashenzari
Cheibriados
Dithmenos
Elyvilon
Fedhas
Gozag
Makhleb
Nemelex Xobeh
Okawaru
Qazlal
Ru
Sif Muna
Trog
Vehumet
Wu Jian
Xom
Yredelemnul
The Shining One
Beogh

Shops:
D:4 %   Orc:2 [%%?

Annotations:
D:11 Erolcha; tidbits's ghost, novice GnVM
Spider:3 1 transporter


Innate Abilities, Weirdness & Mutations

Your experience applies equally to all skills.
You have very sharp teeth.
Your uncanny sense of smell can sniff out nearby items.
You are robust. (+10% HP)
Your spells are a little harder to cast, but a little more powerful.
You expend magic power (3 MP) to strengthen your wands.


Message History

The great orb of eyes bites you.
* * * LOW HITPOINT WARNING * * *
The slime creature closely misses you.
The slime creature completely misses you.
Two slime creatures merge to form a very large slime creature.
Unknown command.
You slice the great orb of eyes!!
The great orb of eyes writhes in agony.
The great orb of eyes is almost dead.
You slash the very large slime creature!
The very large slime creature writhes in agony.
You barely miss the slime creature. You hit the slime creature.
The slime creature writhes in agony.
You slash the very large slime creature!
The very large slime creature writhes in agony.
You are splashed with acid!
The walls burn you! You resist.
* * * LOW HITPOINT WARNING * * *
The great orb of eyes gazes at you. You resist with some effort.
The slime creature completely misses you.
The slime creature misses you.
A very large slime creature splits.
Unknown command.
You bump into the slime covered rock wall.
You are splashed with acid!
The walls burn you! You resist.
* * * LOW HITPOINT WARNING * * *
The great orb of eyes bites you.
* * * LOW HITPOINT WARNING * * *
The slime creature hits you but does no damage.
The slime creature completely misses you.
The large slime creature completely misses you.
The slime creature closely misses you.
Unknown command.
You slash the great orb of eyes!
You kill the great orb of eyes!
Cheibriados appreciates the change of pace.
Your Fighting skill increases to level 13!
Your Axes skill increases to level 13!
Your Dodging skill increases to level 13!
You hit the large slime creature.
The large slime creature writhes in agony.
You hit the slime creature.
The slime creature writhes in agony.
You kill the slime creature!
Cheibriados appreciates the change of pace.
You slash the slime creature! x2; The slime creature writhes in agony.
You hit the very large slime creature.
The very large slime creature writhes in agony.
You are splashed with acid!
The walls burn you! You resist.
* * * LOW HITPOINT WARNING * * *
You slash the slime creature!
You kill the slime creature!
Cheibriados thoroughly appreciates the change of pace.
You slash the very large slime creature!
The very large slime creature writhes in agony.
You slash the large slime creature!
The large slime creature writhes in agony.
You slash the slime creature!
The slime creature writhes in agony.
You are splashed with acid!
The walls burn you! You resist.
* * * LOW HITPOINT WARNING * * *
The slime creature hits you but does no damage.
The large slime creature completely misses you.
A very large slime creature splits.
Two slime creatures merge to form a large slime creature.
You completely miss the large slime creature.
The large slime creature is severely wounded.
You barely miss the slime creature. You slash the large slime creature!
The large slime creature writhes in agony.
You hit the large slime creature.
The large slime creature writhes in agony.
You are splashed with acid!
The walls burn you! You resist.
* * * LOW HITPOINT WARNING * * *
A large slime creature splits.
The slime creature closely misses you.
You're too confused to move!
You are splashed with acid!
The walls burn you! You resist.
* * * LOW HITPOINT WARNING * * *
The large slime creature hits you but does no damage.
The slime creature hits you.
* * * LOW HITPOINT WARNING * * *
The slime creature misses you.
The slime creature hits you but does no damage.
You barely miss the large slime creature.
The large slime creature is heavily wounded.
You hit the large slime creature.
The large slime creature writhes in agony.
You slash the slime creature!
You kill the slime creature!
Cheibriados appreciates the change of pace.
You hit the slime creature. You slash the slime creature!
The slime creature writhes in agony.
You are splashed with acid!
The walls burn you! You resist.
* * * LOW HITPOINT WARNING * * *
You feel less invigorated.
The large slime creature completely misses you. x2
A glowing orange brain comes into view.
You are splashed with acid!
The walls burn you! You resist.
* * * LOW HITPOINT WARNING * * *
Two slime creatures merge to form a large slime creature.
The large slime creature barely misses you.
The large slime creature closely misses you.
The large slime creature hits you but does no damage.
You are splashed with acid!
The walls burn you! You resist.
You die...

..........#.#
......G....#
#.......<..#
##.........##
#...........##
##.......<...#
#.....JJJ...#
##.#....##.##
##....@# ##
#.....##
#....## ......
...... .....
..... .<..


You could see 3 large slime creatures and a glowing orange brain.

Vanquished Creatures
  Mara (Spider:4)
  Arachne (Spider:4)
  A deep elf blademaster (Elf:3)
  2 deep elf master archers (Elf:3)
  5 acid blobs
  An Executioner (Abyss:3)
  4 azure jellies
  Donald (Spider:1)
  A deep elf sorcerer (Elf:3)
  Louise (Spider:4)
  3 ghost moths (Spider:4)
  4 emperor scorpions
  The ghost of Qupu the Grappler, a journeyman TrMo of Cheibriados (Lair:3)
  7 deep elf elementalists (Elf:3)
  An entropy weaver (Spider:3)
  4 deep elf demonologists (Elf:3)
  10 deep elf annihilators (Elf:3)
  Azrael (Elf:1)
  A spark wasp (Spider:4)
  A red draconian (Abyss:2)
  The ghost of hypermopl the Spear-Bearer, a journeyman MfWr of Okawaru (Lair:3)
  A deep elf death mage (Elf:3)
  A green death (Abyss:3)
  3 great orbs of eyes (Slime:4)
  5 merfolk impalers (Shoals:4)
  7 deep elf high priests
  3 hydras
  A merfolk avatar (Shoals:4)
  A satyr (Shoals:2)
  A merfolk aquamancer (Shoals:4)
  A two-headed ogre (D:10)
  19 dancing weapons
  4 death yaks (Lair:6)
  6 small abominations
  7 orc high priests (Orc:2)
  A thrashing horror (Abyss:2)
  20 deep elf knights
  A fire crab (shapeshifter) (Elf:1)
  2 wretched stars (Abyss:2)
  2 sea snakes
  11 deep elf archers
  A kraken simulacrum (Shoals:4)
  A starcursed mass (Abyss:3)
  2 harpies (Shoals:4)
  20 wolf spiders
  An orc knight (Orc:1)
  51 deep elf magi
  An orc sorcerer (Orc:1)
  13 orb spiders
  2 fauns (Shoals:2)
  2 oklob plants
  2 moths of wrath
  5 manticores
  Joseph (D:7)
  5 merfolk sirens
  Maurice (Orc:1)
  2 water nymphs (Shoals:1)
  5 spiny frogs
  A black mamba (Lair:4)
  An apocalypse crab (Abyss:3)
  A gargoyle (D:11)
  An eye of devastation (Slime:2)
  A smoke demon (Abyss:2)
  A centaur skeleton (D:8)
  5 komodo dragons
  2 hellwings
  6 demonic crawlers
  An ancient zyme (Abyss:2)
  A queen bee (Lair:1)
  7 merfolk
  23 jumping spiders
  2 wind drakes
  2 raiju (Abyss:3)
  11 blink frogs
  21 slime creatures
  6 hornets
  A snapping turtle (Shoals:4)
  2 dream sheep (Shoals:1)
  6 hippogriffs
  Sigmund (D:2)
  5 air elementals
  39 redbacks
  19 yaks
  24 tarantellas
  A wraith (Elf:3)
  2 wyverns
  2 water elementals
  7 fire elementals
  3 golden eyes (Slime:4)
  Menkaure (D:7)
  3 large abominations
  9 wargs
  A hell hound (Elf:1)
  13 orc warriors
  3 water moccasins
  5 porcupines
  5 sky beasts
  2 eyes of draining
  6 ogres
  A necrophage (D:9)
  A centaur (D:6)
  9 crocodiles
  2 big kobolds (Sewer)
  An earth elemental (Elf:2)
  11 bullfrogs
  4 scorpions
  30 killer bees
  3 wights (D:7)
  An electric eel (D:10)
  3 crimson imps
  4 jellies
  A quasit (D:7)
  35 orc priests
  5 hounds
  2 iron imps (Abyss:2)
  11 orc wizards
  3 iguanas
  4 worker ants
  A hound zombie (D:8)
  3 hound skeletons
  A worker ant zombie (D:8)
  Robin (D:2)
  8 adders
  A river rat (Sewer)
  2 shadow imps
  A white imp (Abyss:2)
  An ufetubus (Abyss:3)
  6 oozes
  An adder skeleton (D:5)
  3 worms
  2 dart slugs
  4 leopard geckos
  63 orcs
  A ball python (Sewer)
  7 giant cockroaches
  12 goblins
  7 hobgoblins
  4 quokkas
  A ball python skeleton (D:4)
  A bat (D:2)
  9 frilled lizards
  12 kobolds
  4 rats
  A crawling corpse (Elf:3)
  A fungus (Lair:6)
  10 spectral weapons
816 creatures vanquished.

Vanquished Creatures (collateral kills)
  An orb spider (Spider:4)
  A deep elf mage (D:10)
  3 wolf spiders (Spider:4)
  A smoke demon (Abyss:3)
  2 spiny frogs
  3 jumping spiders (Spider:4)
  2 blink frogs
  2 large abominations (Abyss:3)
  10 redbacks
  A yak (Lair:6)
  2 water moccasins (Lair:6)
  An eye of draining (Slime:2)
  2 wolves (Lair:6)
  2 jellies (Lair:6)
  An iron imp (Abyss:3)
  2 oozes (Lair:6)
  A plant (Lair:6)
37 creatures vanquished.

Vanquished Creatures (others)
  A deep elf master archer (Elf:3)
  A dancing weapon (Elf:3)
  A deep elf knight (Elf:2)
  A deep elf archer (Elf:1)
  A faun (Shoals:2)
  A cyclops (Shoals:1)
  A merfolk (Shoals:4)
  A tarantella (Spider:4)
  A crocodile (D:11)
  A worker ant (D:10)
  An adder (D:11)
  A lurking horror (Abyss:3)
  A plant (Lair:4)
  9 spectral weapons
  4 tentacles (Shoals:4)
26 creatures vanquished.

Grand Total: 879 creatures vanquished

Notes
Turn   | Place    | Note
-------+----------+-------------------------------------------
     0 | D:1      | tidbits the Gnoll Skald began the quest for the Orb.
     0 | D:1      | Reached XP level 1. HP: 20/20 MP: 6/6
   135 | D:1      | Reached XP level 2. HP: 18/26 MP: 2/7
   142 | D:1      | Learned a level 2 spell: Song of Slaying
   145 | D:1      | Learned a level 2 spell: Shroud of Golubria
   332 | D:2      | Noticed Sigmund
   441 | D:2      | Reached XP level 3. HP: 30/31 MP: 2/9
   446 | D:2      | Learned a level 3 spell: Regeneration
   450 | D:2      | Learned a level 3 spell: Spectral Weapon
   494 | D:2      | Noticed Robin
   497 | D:2      | Reached skill level 5 in Spellcasting
   508 | D:2      | Killed Robin
   508 | D:2      | Reached skill level 1 in Invocations
   530 | D:2      | Reached skill level 1 in Short Blades
   530 | D:2      | Reached skill level 1 in Long Blades
   530 | D:2      | Reached skill level 1 in Maces & Flails
   530 | D:2      | Reached skill level 1 in Polearms
   530 | D:2      | Reached skill level 1 in Staves
   530 | D:2      | Reached skill level 1 in Slings
   530 | D:2      | Reached skill level 1 in Bows
   530 | D:2      | Reached skill level 1 in Crossbows
   530 | D:2      | Reached skill level 1 in Throwing
   530 | D:2      | Reached skill level 1 in Stealth
   530 | D:2      | Reached skill level 1 in Shields
   530 | D:2      | Reached skill level 1 in Unarmed Combat
   530 | D:2      | Reached skill level 1 in Evocations
   571 | D:3      | Reached XP level 4. HP: 35/38 MP: 4/11
   768 | D:2      | Killed Sigmund
   768 | D:2      | Reached skill level 3 in Armour
   768 | D:2      | Reached skill level 1 in Conjurations
   768 | D:2      | Reached skill level 1 in Hexes
   768 | D:2      | Reached skill level 1 in Summonings
   768 | D:2      | Reached skill level 1 in Necromancy
   768 | D:2      | Reached skill level 1 in Translocations
   768 | D:2      | Reached skill level 1 in Transmutations
   768 | D:2      | Reached skill level 1 in Fire Magic
   768 | D:2      | Reached skill level 1 in Ice Magic
   768 | D:2      | Reached skill level 1 in Air Magic
   768 | D:2      | Reached skill level 1 in Earth Magic
   768 | D:2      | Reached skill level 1 in Poison Magic
   768 | D:2      | Reached skill level 2 in Invocations
   768 | D:2      | Reached XP level 5. HP: 43/43 MP: 6/12
   768 | D:2      | Reached XP level 6. HP: 50/50 MP: 6/13
   901 | D:4      | Reached skill level 5 in Fighting
   901 | D:4      | Reached skill level 2 in Short Blades
   901 | D:4      | Reached skill level 2 in Long Blades
   901 | D:4      | Reached skill level 5 in Axes
   901 | D:4      | Reached skill level 2 in Maces & Flails
   901 | D:4      | Reached skill level 2 in Polearms
   901 | D:4      | Reached skill level 2 in Staves
   901 | D:4      | Reached skill level 2 in Slings
   901 | D:4      | Reached skill level 2 in Bows
   901 | D:4      | Reached skill level 2 in Crossbows
   901 | D:4      | Reached skill level 2 in Throwing
   901 | D:4      | Reached skill level 5 in Dodging
   901 | D:4      | Reached skill level 2 in Stealth
   901 | D:4      | Reached skill level 2 in Shields
   901 | D:4      | Reached skill level 2 in Unarmed Combat
   901 | D:4      | Reached skill level 2 in Evocations
   932 | D:4      | Reached XP level 7. HP: 23/56 MP: 1/15
  1064 | D:5      | Entered Level 5 of the Dungeon
  1200 | D:4      | Found Xiadang's Food Shoppe.
  1299 | D:5      | Reached skill level 2 in Conjurations
  1299 | D:5      | Reached skill level 2 in Hexes
  1299 | D:5      | Reached skill level 2 in Summonings
  1299 | D:5      | Reached skill level 2 in Necromancy
  1299 | D:5      | Reached skill level 2 in Translocations
  1299 | D:5      | Reached skill level 2 in Transmutations
  1299 | D:5      | Reached skill level 2 in Fire Magic
  1299 | D:5      | Reached skill level 2 in Ice Magic
  1299 | D:5      | Reached skill level 2 in Air Magic
  1299 | D:5      | Reached skill level 2 in Earth Magic
  1299 | D:5      | Reached skill level 2 in Poison Magic
  1308 | D:5      | Found a glowing drain.
  1308 | D:5      | Noticed a wyvern
  1324 | D:5      | Killed a wyvern
  1324 | D:5      | Reached skill level 3 in Invocations
  1413 | D:5      | Reached XP level 8. HP: 58/63 MP: 10/16
  1433 | Sewer    | Entered a sewer
  1478 | Sewer    | Reached skill level 6 in Charms
  1521 | Sewer    | Reached skill level 4 in Armour
  1569 | Sewer    | Reached skill level 3 in Short Blades
  1569 | Sewer    | Reached skill level 3 in Long Blades
  1569 | Sewer    | Reached skill level 3 in Maces & Flails
  1569 | Sewer    | Reached skill level 3 in Polearms
  1569 | Sewer    | Reached skill level 3 in Staves
  1569 | Sewer    | Reached skill level 3 in Slings
  1569 | Sewer    | Reached skill level 3 in Bows
  1569 | Sewer    | Reached skill level 3 in Crossbows
  1569 | Sewer    | Reached skill level 3 in Throwing
  1569 | Sewer    | Reached skill level 3 in Stealth
  1569 | Sewer    | Reached skill level 3 in Shields
  1569 | Sewer    | Reached skill level 3 in Unarmed Combat
  1569 | Sewer    | Reached skill level 3 in Evocations
  1800 | D:5      | Reached skill level 6 in Spellcasting
  2059 | D:7      | Noticed Menkaure
  2063 | D:7      | Killed Menkaure
  2063 | D:7      | Reached skill level 6 in Fighting
  2063 | D:7      | Reached skill level 6 in Axes
  2063 | D:7      | Reached skill level 6 in Dodging
  2063 | D:7      | Reached skill level 3 in Conjurations
  2063 | D:7      | Reached skill level 3 in Hexes
  2063 | D:7      | Reached skill level 3 in Summonings
  2063 | D:7      | Reached skill level 3 in Necromancy
  2063 | D:7      | Reached skill level 3 in Translocations
  2063 | D:7      | Reached skill level 3 in Transmutations
  2063 | D:7      | Reached skill level 3 in Fire Magic
  2063 | D:7      | Reached skill level 3 in Ice Magic
  2063 | D:7      | Reached skill level 3 in Air Magic
  2063 | D:7      | Reached skill level 3 in Earth Magic
  2063 | D:7      | Reached skill level 3 in Poison Magic
  2063 | D:7      | Reached skill level 4 in Invocations
  2063 | D:7      | Reached XP level 9. HP: 61/69 MP: 14/18
  2066 | D:7      | Noticed Joseph
  2089 | D:7      | Killed Joseph
  2139 | D:6      | Reached skill level 4 in Short Blades
  2139 | D:6      | Reached skill level 4 in Long Blades
  2139 | D:6      | Reached skill level 4 in Maces & Flails
  2139 | D:6      | Reached skill level 4 in Polearms
  2139 | D:6      | Reached skill level 4 in Staves
  2139 | D:6      | Reached skill level 4 in Slings
  2139 | D:6      | Reached skill level 4 in Bows
  2139 | D:6      | Reached skill level 4 in Crossbows
  2139 | D:6      | Reached skill level 4 in Throwing
  2139 | D:6      | Reached skill level 4 in Stealth
  2139 | D:6      | Reached skill level 4 in Shields
  2139 | D:6      | Reached skill level 4 in Unarmed Combat
  2139 | D:6      | Reached skill level 4 in Evocations
  2345 | D:7      | Found a staircase to the Ecumenical Temple.
  2354 | Temple   | Entered the Ecumenical Temple
  2378 | Temple   | Became a worshipper of Cheibriados the Contemplative
  2448 | D:7      | Learned a level 1 spell: Apportation
  2450 | D:7      | Learned a level 1 spell: Animate Skeleton
  2467 | D:6      | Found a shimmering altar of Xom.
  2543 | D:8      | Reached skill level 5 in Armour
  2800 | D:10     | Entered Level 10 of the Dungeon
  2878 | D:9      | Found a shattered altar of Ashenzari.
  2890 | D:9      | Reached * piety under Cheibriados
  2896 | D:9      | !!!
  2896 | D:9      | +4 ring of slaying
  2909 | D:9      | Found a staircase to the Orcish Mines.
  2920 | D:9      | Found a bloodstained altar of Trog.
  2998 | D:10     | Reached skill level 5 in Invocations
  3041 | D:11     | Reached skill level 7 in Spellcasting
  3041 | D:11     | Reached XP level 10. HP: 37/77 MP: 10/20
  3044 | D:11     | Reached skill level 4 in Conjurations
  3044 | D:11     | Reached skill level 4 in Hexes
  3044 | D:11     | Reached skill level 4 in Summonings
  3044 | D:11     | Reached skill level 4 in Necromancy
  3044 | D:11     | Reached skill level 4 in Translocations
  3044 | D:11     | Reached skill level 4 in Transmutations
  3044 | D:11     | Reached skill level 4 in Fire Magic
  3044 | D:11     | Reached skill level 4 in Ice Magic
  3044 | D:11     | Reached skill level 4 in Air Magic
  3044 | D:11     | Reached skill level 4 in Earth Magic
  3044 | D:11     | Reached skill level 4 in Poison Magic
  3088 | D:11     | Reached skill level 5 in Short Blades
  3088 | D:11     | Reached skill level 5 in Long Blades
  3088 | D:11     | Reached skill level 5 in Maces & Flails
  3088 | D:11     | Reached skill level 5 in Polearms
  3088 | D:11     | Reached skill level 5 in Staves
  3088 | D:11     | Reached skill level 5 in Slings
  3088 | D:11     | Reached skill level 5 in Bows
  3088 | D:11     | Reached skill level 5 in Crossbows
  3088 | D:11     | Reached skill level 5 in Throwing
  3088 | D:11     | Reached skill level 5 in Stealth
  3088 | D:11     | Reached skill level 5 in Shields
  3088 | D:11     | Reached skill level 5 in Unarmed Combat
  3088 | D:11     | Reached skill level 5 in Evocations
  3125 | D:11     | Found a staircase to the Lair.
  3134 | D:11     | Noticed a four-headed hydra
  3134 | D:11     | Noticed a gargoyle
  3150 | D:11     | Killed a four-headed hydra
  3150 | D:11     | Reached skill level 7 in Fighting
  3150 | D:11     | Reached skill level 7 in Axes
  3150 | D:11     | Reached skill level 7 in Dodging
  3150 | D:11     | Reached skill level 7 in Charms
  3213 | D:10     | Noticed a two-headed ogre
  3261 | D:10     | Reached skill level 6 in Armour
  3337 | D:10     | Killed a two-headed ogre
  3337 | D:10     | Reached skill level 6 in Invocations
  3405 | D:11     | Killed a gargoyle
  3443 | D:11     | Noticed a manticore
  3446 | D:11     | Noticed Erolcha
  3450 | D:10     | Noticed a deep elf mage
  3459 | D:10     | Killed a deep elf mage
  3477 | D:10     | Killed a manticore
  3477 | D:10     | Reached XP level 11. HP: 32/84 MP: 3/22
  3603 | D:11     | Noticed tidbits's ghost (novice GnVM)
  3622 | Lair:1   | Entered Level 1 of the Lair of Beasts
  3670 | Lair:1   | Reached skill level 6 in Short Blades
  3670 | Lair:1   | Reached skill level 6 in Long Blades
  3670 | Lair:1   | Reached skill level 6 in Maces & Flails
  3670 | Lair:1   | Reached skill level 6 in Polearms
  3670 | Lair:1   | Reached skill level 6 in Staves
  3670 | Lair:1   | Reached skill level 6 in Slings
  3670 | Lair:1   | Reached skill level 6 in Bows
  3670 | Lair:1   | Reached skill level 6 in Crossbows
  3670 | Lair:1   | Reached skill level 6 in Throwing
  3670 | Lair:1   | Reached skill level 6 in Stealth
  3670 | Lair:1   | Reached skill level 6 in Shields
  3670 | Lair:1   | Reached skill level 6 in Unarmed Combat
  3670 | Lair:1   | Reached skill level 6 in Evocations
  3721 | Lair:3   | Noticed Qupu's ghost (journeyman TrMo)
  3840 | Lair:2   | Reached skill level 5 in Conjurations
  3840 | Lair:2   | Reached skill level 5 in Hexes
  3840 | Lair:2   | Reached skill level 5 in Summonings
  3840 | Lair:2   | Reached skill level 5 in Necromancy
  3840 | Lair:2   | Reached skill level 5 in Translocations
  3840 | Lair:2   | Reached skill level 5 in Transmutations
  3840 | Lair:2   | Reached skill level 5 in Fire Magic
  3840 | Lair:2   | Reached skill level 5 in Ice Magic
  3840 | Lair:2   | Reached skill level 5 in Air Magic
  3840 | Lair:2   | Reached skill level 5 in Earth Magic
  3840 | Lair:2   | Reached skill level 5 in Poison Magic
  3841 | Lair:2   | Noticed an eight-headed hydra
  3844 | Lair:2   | Reached skill level 8 in Spellcasting
  3853 | Lair:2   | Killed an eight-headed hydra
  3957 | Lair:3   | Noticed an oklob plant
  3960 | Lair:3   | Noticed hypermopl's ghost (journeyman MfWr)
  3971 | Lair:3   | Killed an oklob plant
  3971 | Lair:3   | Reached skill level 7 in Invocations
  3972 | Lair:3   | Reached skill level 8 in Fighting
  3972 | Lair:3   | Reached skill level 8 in Axes
  3972 | Lair:3   | Reached skill level 7 in Armour
  3972 | Lair:3   | Reached skill level 8 in Dodging
  4004 | Lair:3   | Killed hypermopl's ghost
  4014 | Lair:3   | Learned a level 2 spell: Passwall
  4063 | Lair:4   | Found a hole to the Spider Nest.
  4137 | Lair:4   | Noticed a five-headed hydra
  4139 | Lair:4   | Reached ** piety under Cheibriados
  4149 | Lair:4   | Killed a five-headed hydra
  4149 | Lair:4   | Reached XP level 12. HP: 82/93 MP: 4/24
  4193 | Lair:4   | Reached skill level 8 in Charms
  4223 | Lair:4   | Learned a level 5 spell: Borgnjor's Vile Clutch
  4514 | Lair:1   | Reached skill level 7 in Short Blades
  4514 | Lair:1   | Reached skill level 7 in Long Blades
  4514 | Lair:1   | Reached skill level 7 in Maces & Flails
  4514 | Lair:1   | Reached skill level 7 in Polearms
  4514 | Lair:1   | Reached skill level 7 in Staves
  4514 | Lair:1   | Reached skill level 7 in Slings
  4514 | Lair:1   | Reached skill level 7 in Bows
  4514 | Lair:1   | Reached skill level 7 in Crossbows
  4514 | Lair:1   | Reached skill level 7 in Throwing
  4514 | Lair:1   | Reached skill level 7 in Stealth
  4514 | Lair:1   | Reached skill level 7 in Shields
  4514 | Lair:1   | Reached skill level 7 in Unarmed Combat
  4514 | Lair:1   | Reached skill level 7 in Evocations
  4517 | Lair:1   | Reached *** piety under Cheibriados
  4704 | D:9      | Found a roughly hewn altar of Beogh.
  4715 | D:9      | Reached skill level 6 in Conjurations
  4715 | D:9      | Reached skill level 6 in Hexes
  4715 | D:9      | Reached skill level 6 in Summonings
  4715 | D:9      | Reached skill level 6 in Necromancy
  4715 | D:9      | Reached skill level 6 in Translocations
  4715 | D:9      | Reached skill level 6 in Transmutations
  4715 | D:9      | Reached skill level 6 in Fire Magic
  4715 | D:9      | Reached skill level 6 in Ice Magic
  4715 | D:9      | Reached skill level 6 in Air Magic
  4715 | D:9      | Reached skill level 6 in Earth Magic
  4715 | D:9      | Reached skill level 6 in Poison Magic
  4719 | D:9      | Reached **** piety under Cheibriados
  4730 | D:9      | Learned a level 4 spell: Animate Dead
  4733 | Orc:1    | Entered Level 1 of the Orcish Mines
  4733 | Orc:1    | Noticed Maurice
  4736 | Orc:1    | Killed Maurice
  4737 | Orc:1    | Found a burning altar of Makhleb.
  4767 | Orc:2    | Entered Level 2 of the Orcish Mines
  4784 | Orc:1    | Reached skill level 8 in Invocations
  4853 | Orc:1    | Reached skill level 9 in Spellcasting
  4965 | Orc:2    | Noticed an orc high priest
  4971 | Orc:2    | Killed an orc high priest
  5026 | Orc:2    | Noticed an orc high priest
  5030 | Orc:2    | Reached ***** piety under Cheibriados
  5030 | Orc:2    | Reached skill level 8 in Armour
  5034 | Orc:2    | Killed an orc high priest
  5053 | Orc:2    | Noticed an orc high priest
  5062 | Orc:2    | Killed an orc high priest
  5062 | Orc:2    | Reached skill level 9 in Fighting
  5062 | Orc:2    | Reached skill level 9 in Axes
  5062 | Orc:2    | Reached skill level 9 in Dodging
  5075 | Orc:2    | Found a roughly hewn altar of Beogh.
  5088 | Orc:2    | Noticed an orc high priest
  5097 | Orc:2    | Killed an orc high priest
  5097 | Orc:2    | Reached XP level 13. HP: 36/101 MP: 18/26
  5120 | Orc:2    | Found Wafuf's Armour Emporium.
  5120 | Orc:2    | Found Tacs's Food Shop.
  5217 | Orc:2    | Found Gixkaoq's Food Emporium.
  5217 | Orc:2    | Found Nufusch's Magic Scroll Shop.
  5256 | Orc:2    | Bought a scroll of blinking for 135 gold pieces
  5256 | Orc:2    | Bought a scroll of identify for 36 gold pieces
  5256 | Orc:2    | Bought a scroll of magic mapping for 63 gold pieces
  5256 | Orc:2    | Bought a scroll of teleportation for 54 gold pieces
  5256 | Orc:2    | Bought a scroll of enchant armour for 135 gold pieces
  5356 | Orc:1    | Reached skill level 8 in Short Blades
  5356 | Orc:1    | Reached skill level 8 in Long Blades
  5356 | Orc:1    | Reached skill level 8 in Maces & Flails
  5356 | Orc:1    | Reached skill level 8 in Polearms
  5356 | Orc:1    | Reached skill level 8 in Staves
  5356 | Orc:1    | Reached skill level 8 in Slings
  5356 | Orc:1    | Reached skill level 8 in Bows
  5356 | Orc:1    | Reached skill level 8 in Crossbows
  5356 | Orc:1    | Reached skill level 8 in Throwing
  5356 | Orc:1    | Reached skill level 8 in Stealth
  5356 | Orc:1    | Reached skill level 8 in Shields
  5356 | Orc:1    | Reached skill level 8 in Unarmed Combat
  5356 | Orc:1    | Reached skill level 8 in Evocations
  5440 | Orc:2    | Found a staircase to the Elven Halls.
  5451 | Elf:1    | Entered Level 1 of the Elven Halls
  5468 | Elf:1    | Reached skill level 9 in Invocations
  5537 | Elf:1    | Reached skill level 7 in Conjurations
  5537 | Elf:1    | Reached skill level 7 in Hexes
  5537 | Elf:1    | Reached skill level 9 in Charms
  5537 | Elf:1    | Reached skill level 7 in Summonings
  5537 | Elf:1    | Reached skill level 7 in Necromancy
  5537 | Elf:1    | Reached skill level 7 in Translocations
  5537 | Elf:1    | Reached skill level 7 in Transmutations
  5537 | Elf:1    | Reached skill level 7 in Fire Magic
  5537 | Elf:1    | Reached skill level 7 in Ice Magic
  5537 | Elf:1    | Reached skill level 7 in Air Magic
  5537 | Elf:1    | Reached skill level 7 in Earth Magic
  5537 | Elf:1    | Reached skill level 7 in Poison Magic
  5581 | Elf:1    | Reached skill level 9 in Armour
  5632 | Elf:1    | Noticed Azrael
  5646 | Elf:1    | Killed Azrael
  5646 | Elf:1    | Reached skill level 10 in Spellcasting
  5661 | Elf:1    | Reached XP level 14. HP: 49/109 MP: 18/28
  5707 | Elf:1    | Reached skill level 10 in Fighting
  5707 | Elf:1    | Reached skill level 10 in Axes
  5707 | Elf:1    | Reached skill level 10 in Dodging
  5751 | Elf:1    | Reached skill level 9 in Short Blades
  5751 | Elf:1    | Reached skill level 9 in Long Blades
  5751 | Elf:1    | Reached skill level 9 in Maces & Flails
  5751 | Elf:1    | Reached skill level 9 in Polearms
  5751 | Elf:1    | Reached skill level 9 in Staves
  5751 | Elf:1    | Reached skill level 9 in Slings
  5751 | Elf:1    | Reached skill level 9 in Bows
  5751 | Elf:1    | Reached skill level 9 in Crossbows
  5751 | Elf:1    | Reached skill level 9 in Throwing
  5751 | Elf:1    | Reached skill level 9 in Stealth
  5751 | Elf:1    | Reached skill level 9 in Shields
  5751 | Elf:1    | Reached skill level 9 in Unarmed Combat
  5751 | Elf:1    | Reached skill level 9 in Evocations
  5796 | Elf:1    | Learned a level 5 spell: Lee's Rapid Deconstruction
  5819 | Elf:1    | Gained mutation: Your spells are a little harder to cast, but a little more powerful. [potion of mutation]
  5819 | Elf:1    | Gained mutation: You expend magic power (3 MP) to strengthen your wands. [potion of mutation]
  5819 | Elf:1    | Gained mutation: You are robust. (+10% HP) [potion of mutation]
  5886 | Elf:1    | Learned a level 3 spell: Tukima's Dance
  5899 | Elf:1    | Reached skill level 10 in Invocations
  6126 | Elf:3    | Entered Level 3 of the Elven Halls
  6180 | Elf:3    | Reached skill level 8 in Conjurations
  6180 | Elf:3    | Reached skill level 8 in Hexes
  6180 | Elf:3    | Reached skill level 8 in Summonings
  6180 | Elf:3    | Reached skill level 8 in Necromancy
  6180 | Elf:3    | Reached skill level 8 in Translocations
  6180 | Elf:3    | Reached skill level 8 in Transmutations
  6180 | Elf:3    | Reached skill level 8 in Fire Magic
  6180 | Elf:3    | Reached skill level 8 in Ice Magic
  6180 | Elf:3    | Reached skill level 8 in Air Magic
  6180 | Elf:3    | Reached skill level 8 in Earth Magic
  6180 | Elf:3    | Reached skill level 8 in Poison Magic
  6180 | Elf:3    | Reached XP level 15. HP: 128/128 MP: 23/29
  6368 | Elf:3    | Noticed a deep elf elementalist
  6372 | Elf:3    | Noticed a deep elf elementalist
  6374 | Elf:3    | Noticed a deep elf elementalist
  6374 | Elf:3    | Noticed a deep elf elementalist
  6504 | Elf:2    | Reached skill level 10 in Armour
  6612 | Elf:2    | Reached skill level 11 in Spellcasting
  6641 | Elf:2    | Found a runed gate.
  6641 | Elf:2    | Found a runed gate.
  6641 | Elf:2    | Found a runed gate.
  6668 | Elf:2    | Reached skill level 10 in Charms
  6730 | Elf:3    | Reached skill level 10 in Short Blades
  6730 | Elf:3    | Reached skill level 10 in Long Blades
  6730 | Elf:3    | Reached skill level 10 in Maces & Flails
  6730 | Elf:3    | Reached skill level 10 in Polearms
  6730 | Elf:3    | Reached skill level 10 in Staves
  6730 | Elf:3    | Reached skill level 10 in Slings
  6730 | Elf:3    | Reached skill level 10 in Bows
  6730 | Elf:3    | Reached skill level 10 in Crossbows
  6730 | Elf:3    | Reached skill level 10 in Throwing
  6730 | Elf:3    | Reached skill level 10 in Stealth
  6730 | Elf:3    | Reached skill level 10 in Shields
  6730 | Elf:3    | Reached skill level 10 in Unarmed Combat
  6730 | Elf:3    | Reached skill level 10 in Evocations
  6831 | Elf:3    | Noticed a Hell Sentinel
  6836 | Elf:3    | Got an iridescent hand axe {pain}
  6844 | Elf:3    | Noticed a deep elf elementalist
  6850 | Elf:3    | Killed a deep elf elementalist
  6852 | Elf:3    | Killed a deep elf elementalist
  6852 | Elf:3    | Reached skill level 11 in Fighting
  6852 | Elf:3    | Reached skill level 11 in Axes
  6852 | Elf:3    | Reached skill level 11 in Dodging
  6860 | Elf:3    | Identified the +6 hand axe of Darkness {pain, rC+ Str+3} (You took it off a deep elf demonologist on level 3 of the Elven Halls)
  6877 | Elf:3    | Killed a deep elf elementalist
  6878 | Elf:3    | Reached skill level 11 in Invocations
  6956 | Elf:3    | Killed a deep elf elementalist
  6963 | Elf:3    | HP: 4/130 [deep elf high priest/damnation (16)]
  6967 | Elf:3    | Reached XP level 16. HP: 32/137 MP: 4/31
  7018 | Elf:3    | Noticed a deep elf master archer
  7027 | Elf:3    | Killed a deep elf master archer
  7047 | Elf:3    | Noticed a deep elf blademaster
  7137 | Elf:3    | Noticed a deep elf master archer
  7201 | Elf:3    | Killed a deep elf blademaster
  7263 | Elf:3    | Killed a deep elf master archer
  7263 | Elf:3    | Reached skill level 9 in Conjurations
  7263 | Elf:3    | Reached skill level 9 in Hexes
  7263 | Elf:3    | Reached skill level 9 in Summonings
  7263 | Elf:3    | Reached skill level 9 in Necromancy
  7263 | Elf:3    | Reached skill level 9 in Translocations
  7263 | Elf:3    | Reached skill level 9 in Transmutations
  7263 | Elf:3    | Reached skill level 9 in Fire Magic
  7263 | Elf:3    | Reached skill level 9 in Ice Magic
  7263 | Elf:3    | Reached skill level 9 in Air Magic
  7263 | Elf:3    | Reached skill level 9 in Earth Magic
  7263 | Elf:3    | Reached skill level 9 in Poison Magic
  7276 | Elf:3    | Cast into level 2 of the Abyss (a deep elf sorcerer)
  7486 | Abyss:2  | Found a corrupted altar of Lugonu.
  7534 | Abyss:2  | Reached skill level 11 in Armour
  7650 | Abyss:3  | Found a corrupted altar of Lugonu.
  7868 | Abyss:3  | Noticed an Executioner
  7885 | Abyss:3  | Killed an Executioner
  7887 | Elf:3    | Escaped the Abyss
  7894 | Elf:3    | HP: 13/139 [deep elf high priest/halberd (14)]
  7967 | Elf:3    | Noticed a deep elf master archer
  7975 | Elf:3    | Killed a deep elf master archer
  7984 | Elf:3    | Got an uncursed crystal long sword {speed}
  8005 | Elf:3    | Identified the Reference Book on Shifting Companions
  8019 | Elf:3    | Got a fine helmet
  8030 | Elf:3    | Identified the +0 helmet "Segrah" {rC- rN+ rCorr Int+2} (You found it on level 3 of the Elven Halls)
  8056 | Elf:3    | Identified the +11 long sword of Ointment {speed, rC+} (You took it off a deep elf archer on level 3 of the Elven Halls)
  8073 | Elf:3    | Learned a level 6 spell: Statue Form
  8272 | D:9      | Learned a level 3 spell: Mephitic Cloud
  8446 | Spider:1 | Entered Level 1 of the Spider Nest
  8462 | Spider:1 | Reached skill level 11 in Short Blades
  8462 | Spider:1 | Reached skill level 11 in Long Blades
  8462 | Spider:1 | Reached skill level 11 in Maces & Flails
  8462 | Spider:1 | Reached skill level 11 in Polearms
  8462 | Spider:1 | Reached skill level 11 in Staves
  8462 | Spider:1 | Reached skill level 11 in Slings
  8462 | Spider:1 | Reached skill level 11 in Bows
  8462 | Spider:1 | Reached skill level 11 in Crossbows
  8462 | Spider:1 | Reached skill level 11 in Throwing
  8462 | Spider:1 | Reached skill level 11 in Stealth
  8462 | Spider:1 | Reached skill level 11 in Shields
  8462 | Spider:1 | Reached skill level 11 in Unarmed Combat
  8462 | Spider:1 | Reached skill level 11 in Evocations
  8489 | Spider:1 | Reached skill level 12 in Spellcasting
  8491 | Spider:1 | Noticed Donald
  8504 | Spider:1 | Killed Donald
  8504 | Spider:1 | Reached XP level 17. HP: 146/146 MP: 16/33
  8554 | Spider:2 | Reached skill level 12 in Invocations
  8602 | Spider:3 | Found a transporter.
  8659 | Spider:4 | Entered Level 4 of the Spider Nest
  8671 | Spider:4 | Noticed Louise
  8683 | Spider:4 | Reached skill level 12 in Fighting
  8683 | Spider:4 | Reached skill level 12 in Axes
  8683 | Spider:4 | Reached skill level 12 in Dodging
  8695 | Spider:4 | Killed Louise
  8723 | Spider:4 | Noticed Arachne
  8724 | Spider:4 | Learned a level 4 spell: Olgreb's Toxic Radiance
  8734 | Spider:4 | Reached skill level 11 in Charms
  8745 | Spider:4 | Killed Arachne
  8799 | Spider:4 | Noticed Mara
  8806 | Spider:4 | Noticed tidbits's illusion
  8809 | Spider:4 | Killed Mara
  9060 | Spider:4 | Got a gossamer rune of Zot
  9182 | Spider:2 | Reached skill level 10 in Conjurations
  9182 | Spider:2 | Reached skill level 10 in Hexes
  9182 | Spider:2 | Reached skill level 10 in Summonings
  9182 | Spider:2 | Reached skill level 10 in Necromancy
  9182 | Spider:2 | Reached skill level 10 in Translocations
  9182 | Spider:2 | Reached skill level 10 in Transmutations
  9182 | Spider:2 | Reached skill level 10 in Fire Magic
  9182 | Spider:2 | Reached skill level 10 in Ice Magic
  9182 | Spider:2 | Reached skill level 10 in Air Magic
  9182 | Spider:2 | Reached skill level 10 in Earth Magic
  9182 | Spider:2 | Reached skill level 10 in Poison Magic
  9234 | Spider:1 | Reached XP level 18. HP: 155/155 MP: 21/34
  9238 | Spider:1 | Reached skill level 12 in Armour
  9254 | Spider:1 | Reached ****** piety under Cheibriados
  9360 | Lair:3   | Killed Qupu's ghost
  9369 | Lair:3   | Found a staircase to the Shoals.
  9377 | Shoals:1 | Entered Level 1 of the Shoals
  9487 | Shoals:1 | Found a frozen archway.
  9523 | Shoals:1 | Got a glittering wooden ring
  9525 | Shoals:1 | Identified the ring "Kethut" {Fire rElec MP-9 Int+6} (You found it on level 1 of the Shoals)
  9565 | Shoals:4 | Entered Level 4 of the Shoals
  9655 | Shoals:4 | Got a barnacled rune of Zot
  9679 | Shoals:4 | Learned a level 4 spell: Summon Lightning Spire
  9781 | Shoals:1 | Reached skill level 12 in Short Blades
  9781 | Shoals:1 | Reached skill level 12 in Long Blades
  9781 | Shoals:1 | Reached skill level 12 in Maces & Flails
  9781 | Shoals:1 | Reached skill level 12 in Polearms
  9781 | Shoals:1 | Reached skill level 12 in Staves
  9781 | Shoals:1 | Reached skill level 12 in Slings
  9781 | Shoals:1 | Reached skill level 12 in Bows
  9781 | Shoals:1 | Reached skill level 12 in Crossbows
  9781 | Shoals:1 | Reached skill level 12 in Throwing
  9781 | Shoals:1 | Reached skill level 12 in Stealth
  9781 | Shoals:1 | Reached skill level 12 in Shields
  9781 | Shoals:1 | Reached skill level 12 in Unarmed Combat
  9781 | Shoals:1 | Reached skill level 12 in Evocations
  9988 | Lair:6   | Entered Level 6 of the Lair of Beasts
 10071 | Lair:6   | Reached skill level 13 in Invocations
 10124 | Lair:6   | Found a staircase to the Slime Pits.
 10160 | Slime:1  | Entered Level 1 of the Pits of Slime
 10192 | Slime:2  | Reached skill level 13 in Spellcasting
 10332 | Slime:4  | Reached skill level 13 in Fighting
 10332 | Slime:4  | Reached skill level 13 in Axes
 10332 | Slime:4  | Reached skill level 13 in Dodging
 10338 | Slime:4  | Splashed with acid

Skill      XL: |  1  2  3  4  5  6  7  8  9 10 11 12 13 14 15 16 17 18 |
---------------+-------------------------------------------------------+-----
Spellcasting   | 5 6 7 8 9 10 11 12 13 | 13.1
Invocations    | 1 2 3 4 5 6 7 8 9 10 11 12 13 | 13.2
Short Blades   | 1 2 3 4 5 6 7 8 9 10 11 12 | 12.2
Long Blades    | 1 2 3 4 5 6 7 8 9 10 11 12 | 12.2
Maces & Flails | 1 2 3 4 5 6 7 8 9 10 11 12 | 12.2
Polearms       | 1 2 3 4 5 6 7 8 9 10 11 12 | 12.2
Staves         | 1 2 3 4 5 6 7 8 9 10 11 12 | 12.2
Slings         | 1 2 3 4 5 6 7 8 9 10 11 12 | 12.2
Bows           | 1 2 3 4 5 6 7 8 9 10 11 12 | 12.2
Crossbows      | 1 2 3 4 5 6 7 8 9 10 11 12 | 12.2
Throwing       | 1 2 3 4 5 6 7 8 9 10 11 12 | 12.2
Stealth        | 1 2 3 4 5 6 7 8 9 10 11 12 | 12.2
Shields        | 1 2 3 4 5 6 7 8 9 10 11 12 | 12.2
Unarmed Combat | 1 2 3 4 5 6 7 8 9 10 11 12 | 12.2
Evocations     | 1 2 3 4 5 6 7 8 9 10 11 12 | 12.2
Armour         | 3 4 5 6 7 8 9 10 11 12 | 12.5
Conjurations   | 1 2 3 4 5 6 7 8 9 10 | 10.5
Hexes          | 1 2 3 4 5 6 7 8 9 10 | 10.5
Summonings     | 1 2 3 4 5 6 7 8 9 10 | 10.5
Necromancy     | 1 2 3 4 5 6 7 8 9 10 | 10.5
Translocations | 1 2 3 4 5 6 7 8 9 10 | 10.5
Transmutations | 1 2 3 4 5 6 7 8 9 10 | 10.5
Fire Magic     | 1 2 3 4 5 6 7 8 9 10 | 10.5
Ice Magic      | 1 2 3 4 5 6 7 8 9 10 | 10.5
Air Magic      | 1 2 3 4 5 6 7 8 9 10 | 10.5
Earth Magic    | 1 2 3 4 5 6 7 8 9 10 | 10.5
Poison Magic   | 1 2 3 4 5 6 7 8 9 10 | 10.5
Fighting       | 5 6 7 8 9 10 11 12 13 | 13.0
Axes           | 5 6 7 8 9 10 11 12 13 | 13.0
Dodging        | 5 6 7 8 9 10 11 12 13 | 13.0
Charms         | 6 7 8 9 10 11 | 11.7

Action                   |  1- 3 |  4- 6 |  7- 9 | 10-12 | 13-15 | 16-18 || total
-------------------------+-------+-------+-------+-------+-------+-------++-------
Melee: Hand axe          |    53 |     6 |       |       |    55 |   423 ||   537
       Bite              |     7 |     3 |    25 |    52 |    63 |   116 ||   266
       Whip              |       |    27 |   241 |    97 |       |       ||   365
       Dagger            |       |       |    29 |     8 |     8 |     2 ||    47
       Punch             |       |       |     3 |       |       |       ||     3
       War axe           |       |       |    22 |   198 |   237 |   167 ||   624
       Unarmed           |       |       |       |     9 |       |       ||     9
 Fire: Hunting sling     |       |     5 |       |       |       |       ||     5
Throw: Stone             |     3 |       |       |       |       |       ||     3
       Tomahawk          |       |       |     1 |     6 |    24 |    23 ||    54
 Cast: Infusion          |     7 |       |       |       |       |       ||     7
       Shroud of Golubri |     4 |     3 |     8 |    15 |     7 |     4 ||    41
       Spectral Weapon   |     2 |     7 |    46 |    47 |    34 |    41 ||   177
       Regeneration      |     1 |     1 |    10 |    13 |    25 |    14 ||    64
       Apportation       |       |       |       |    42 |    46 |    78 ||   166
       Animate Skeleton  |       |       |       |     7 |       |       ||     7
       Borgnjor's Vile C |       |       |       |     4 |    28 |    18 ||    50
       Passwall          |       |       |       |       |     9 |    35 ||    44
       Statue Form       |       |       |       |       |       |    23 ||    23
       Animate Dead      |       |       |       |       |       |    10 ||    10
       Lee's Rapid Decon |       |       |       |       |       |     3 ||     3
       Olgreb's Toxic Ra |       |       |       |       |       |     1 ||     1
       Summon Lightning  |       |       |       |       |       |     1 ||     1
Invok: Bend Time         |       |       |     1 |    18 |     3 |    13 ||    35
       Slouch            |       |       |       |     2 |    17 |    17 ||    36
       Temporal Distorti |       |       |       |       |       |     1 ||     1
 Abil: Evoke Berserk Rag |       |     1 |       |       |       |       ||     1
       End Transformatio |       |       |       |       |       |     1 ||     1
Evoke: Wand              |       |       |     4 |    23 |     7 |    28 ||    62
       Staff of energy   |       |       |       |     4 |       |       ||     4
       Lightning rod     |       |       |       |       |       |     5 ||     5
       Lamp of fire      |       |       |       |       |       |     1 ||     1
  Use: Scroll            |     2 |     3 |    12 |    14 |    23 |    19 ||    73
       Potion            |     2 |       |     6 |     8 |    16 |     9 ||    41
 Stab: Sleeping          |     3 |     1 |     2 |     5 |     7 |    13 ||    31
       Distracted        |       |       |     4 |    10 |     5 |    17 ||    36
       Invisible         |       |       |       |     1 |       |       ||     1
       Paralysed         |       |       |       |       |       |     1 ||     1
  Eat: Chunk             |       |     2 |     7 |     2 |     3 |       ||    14
       Ration            |       |       |     1 |     1 |     2 |     7 ||    11
Armor: Leather armour    |     9 |       |       |       |       |       ||     9
       Skin              |    22 |       |    10 |    14 |       |   248 ||   294
       Animal skin       |     1 |     4 |    66 |       |       |       ||    71
       Scale mail        |       |       |    16 |    83 |    12 |       ||   111
       Ring mail         |       |       |       |       |    62 |    77 ||   139
Dodge: Dodged            |    37 |    30 |   175 |   132 |   171 |   804 ||  1349
Block: Shield            |       |       |       |   229 |   219 |   803 ||  1251
       Reflection        |       |       |       |     8 |    21 |    36 ||    65

Table legend:
 A = Turns spent in this place as a percentage of turns spent in the entire game.
 B = Non-inter-level travel turns spent in this place as a percentage of non-inter-level travel turns spent in the entire game.
 C = Inter-level travel turns spent in this place as a percentage of turns spent in this place.
 D = Turns resting spent in this place as a percentage of non-inter-level travel turns spent in this place.
 E = Turns spent auto-exploring this place as a percentage of non-inter-level travel turns spent in this place.
 F = Non-inter-level travel turns spent in this place divided by the number of levels of this place that you've seen.
                   A       B       C       D       E      F
               +-------+-------+-------+-------+-------+----------------------
         Total | 100.0 | 100.0 |   2.4 |   0.0 |   0.0 | 265.5
       Dungeon |  33.1 |  32.7 |   3.6 |   0.0 |   0.0 | 299.6
        Temple |   0.4 |   0.3 |  36.6 |   0.0 |   0.0 |  26.0
          Lair |  15.4 |  15.8 |   0.0 |   0.0 |   0.0 | 265.2
        Shoals |   4.1 |   4.2 |   0.0 |   0.0 |   0.0 | 106.2
   Spider Nest |   8.2 |   8.0 |   4.5 |   0.0 |   0.0 | 201.8
    Slime Pits |   1.7 |   1.8 |   0.0 |   0.0 |   0.0 |  44.5
  Orcish Mines |   7.4 |   7.3 |   3.5 |   0.0 |   0.0 | 367.0
   Elven Halls |  20.9 |  21.0 |   2.2 |   0.0 |   0.0 | 704.7
         Abyss |   5.9 |   6.1 |   0.0 |   0.0 |   0.0 | 305.5
         Sewer |   3.0 |   3.0 |   0.0 |   0.0 |   0.0 | 306.0
               +-------+-------+-------+-------+-------+----------------------

Table legend:
 A = Kills in this place as a percentage of kills in entire the game.
 B = Kills by you in this place as a percentage of kills by you in the entire game.
 C = Kills by friends in this place as a percentage of kills by friends in the entire game.
 D = Other kills in this place as a percentage of other kills in the entire game.
 E = Experience gained in this place as a percentage of experience gained in the entire game.
 F = Experience gained in this place divided by the number of levels of this place that you have seen.
                   A       B       C       D       E      F
               +-------+-------+-------+-------+-------+----------------------
         Total | 100.0 | 100.0 | 100.0 | 100.0 | 100.0 | 8145.4
       Dungeon |  19.1 |  20.0 |   2.8 |   0.0 |   3.2 | 904.2
          Lair |  13.1 |  12.3 |  33.3 |   0.0 |   8.1 | 4155.8
        Shoals |   5.0 |   4.9 |   0.0 |  42.9 |   7.4 | 5736.0
   Spider Nest |  19.1 |  18.0 |  47.2 |   0.0 |  23.5 | 18157.0
    Slime Pits |   4.7 |   4.9 |   2.8 |   0.0 |   9.6 | 7390.8
  Orcish Mines |  13.5 |  14.2 |   0.0 |   0.0 |   4.2 | 6515.0
   Elven Halls |  18.7 |  19.2 |   0.0 |  57.1 |  39.8 | 41064.7
         Abyss |   4.3 |   3.9 |  13.9 |   0.0 |   4.2 | 6494.5
         Sewer |   2.6 |   2.7 |   0.0 |   0.0 |   0.1 | 297.0
               +-------+-------+-------+-------+-------+----------------------

Vault maps used:
D:1:      onia_arrival_pyramid
D:2:      uniq_robin, uniq_sigmund
D:4:      first_ration, serial_shops, shop
D:5:      gup_sewer_entry_glass, uniq_duvessa
D:6:      xom_teletrap_fun
D:7:      temple_hall, uniq_joseph, uniq_menkaure
D:8:      basic_altar
D:9:      ashenzari_altar_1, minmay_orc_entry_temple_small, basic_altar,
          serial_shops, shop, hangedman_little_slice_of_home,
          grunt_decor_fettered
D:10:     minivault_4, grunt_decor_one_mirror, serial_bayou_pond_d,
          minmay_librarian
D:11:     david_lair_generic, serial_shops,
          nicolae_shop_temple_entry_statues_fountains,
          kennysheep_generic_room_8, uniq_erolcha, uniq_fannar, uniq_nergalle
Temple:   compressed_dpeg_triangle_lava_temple
Lair:1:   special_room
Lair:2:   minivault_23
Lair:3:   elwin_shoals_entry_rooms, serial_bayou_shore_b
Lair:4:   spider_nest_entry_rubble, minmay_lair_oklob_chamber
Lair:5:   beast_lair_carwin_11
Lair:6:   minmay_lair_end_enchanted_forest, nicolae_slime_entry_slimehenge,
          grunt_megastairs_1
Shoals:1: portal_ice_cave_entry_pillars_1, nicolae_shoals_so_close
Shoals:3: uniq_ilsuiw
Shoals:4: shoals_end_grunt_ice, shoals_ilsuiw_alternative,
          nicolae_shoals_circle_sea_wall, uniq_polyphemus, uniq_aizul
Spider:1: uniq_asterion, uniq_donald
Spider:3: gammafunk_its_a_trap
Spider:4: spider_rune_water, nicolae_arachne_temple, uniq_louise, uniq_mara,
          uniq_arachne
Orc:1:    basic_altar, mines3_lemuel, uniq_maurice
Orc:2:    st_orc_town
Elf:1:    kennysheep_underground_church, uniq_azrael
Elf:3:    minmay_elf_hall_not_hex, nicolae_twisting_strands
Abyss:2:  evilmike_abyss_exit_8
Abyss:3:  guppyfry_abyss_exit_imp_island
Sewer:    sewer_co_15_rooms
